Map: Ley Lines

Players

LiquidClem (Clem)

  • Race: Terran Terran
  • League: Grandmaster
  • Spawn Location: 1:00

gumiho - Winner!

  • Race: Terran Terran
  • Spawn Location: 7:00

Event: HomeStory Cup XXVI

VOD

Have the link to the VOD?

Description

Time

  • Played on: Dec. 1, 2024, 2:02 p.m.
  • Length: 9:22

All games in this series

Show
View Real Time Build Order
Export as new Build Order

LiquidClem Terran 

Build Orders:  

Get SALT Encoding   

  12  0:00  SCV  
  13  0:12  SCV  
  14  0:17  Supply Depot  
  14  0:24  SCV  
  15  0:38  SCV  
  15  0:40  Barracks  
  15  0:42  Refinery  
  16  0:50  SCV  
  17  0:58  Barracks  
  17  1:02  SCV  
  18  1:10  Refinery  
  18  1:14  SCV  
  19  1:27  Reaper  
  19  1:29  Orbital Command  
  20  1:39  Supply Depot  
  20  1:45  Reaper  
  21  1:54  SCV  
  21  2:00  Factory  
  22  2:06  SCV  
  23  2:09  Reaper  
  24  2:18  SCV, Reaper  
  24  2:20  Supply Depot  
  25  2:30  SCV  
  26  2:43  SCV  
  27  2:48  Command Center  
  27  2:51  Reaper  
  27  2:53  Reaper  
  27  2:56  SCV  
  30  3:01  Hellion  
  32  3:08  SCV  
  33  3:14  Starport  
  33  3:22  Hellion  
  35  3:28  SCV  
  35  3:33  Barracks Reactor  
  35  3:34  Barracks Tech Lab  
  34  3:42  SCV, Refinery  
  34  3:46  Factory Tech Lab  
  35  3:52  Medivac  
  34  3:55  Marine  
  34  4:00  Orbital Command  
  34  4:04  Cyclone  
  34  4:06  SCV  
  38  4:10  Marine x2  
  40  4:18  SCV  
  40  4:20  Marine  
  40  4:23  Supply Depot  
  42  4:24  Stimpack  
  42  4:26  SCV  
  42  4:28  Marine  
  42  4:30  SCV, Marine  
  46  4:37  Starport Reactor  
  47  4:38  SCV  
  47  4:40  Marine  
  47  4:43  SCV  
  49  4:46  Supply Depot  
  49  4:48  Marine x2  
  49  4:50  SCV  
  52  4:54  Siege Tank  
  52  4:58  SCV  
  52  4:59  Marine  
  57  5:02  SCV  
  56  5:10  SCV  
  56  5:14  SCV  
  56  5:15  Marine  
  56  5:17  Marine  
  56  5:19  Marine  
  58  5:22  SCV  
  58  5:26  Medivac x2  
  58  5:27  SCV  
  64  5:31  Supply Depot, Siege Tank  
  64  5:34  SCV  
  64  5:35  Marine  
  69  5:39  SCV  
  70  5:47  Supply Depot  
  70  5:52  SCV, Marine x3  
  70  5:53  SCV, Engineering Bay  
  70  5:54  Supply Depot  
  75  6:03  Siege Tank  
  78  6:07  Combat Shield  
  78  6:08  Supply Depot, SCV x2  
  78  6:10  Marine x2  
  82  6:12  Viking  
  82  6:14  Marine  
  82  6:18  Viking  
  80  6:23  SCV x2  
  82  6:30  Supply Depot, Marine  
  82  6:31  Marine  
  84  6:33  Marine  
  84  6:36  SCV  
  84  6:37  SCV  
  76  6:48  Marine  
  76  6:49  SCV x2, Marine, Siege Tank  
  76  6:51  Marine  
  81  7:01  SCV x2, Viking  
  78  7:04  Liberator  
  78  7:05  Marine  
  78  7:07  Refinery  
  84  7:13  SCV  
  77  7:17  Marine  
  77  7:20  Marine  
  78  7:24  Siege Tank, Marine  
  78  7:26  Terran Infantry Weapons Level 1  
  78  7:27  Supply Depot  
  81  7:32  Barracks  
  81  7:35  Viking  
  83  7:37  Marine  
  83  7:42  Marine  
  86  7:44  Marauder  
  86  7:50  Viking  
  82  7:57  Marine  
  79  8:00  Siege Tank  
  79  8:01  Marine  
  79  8:05  Marine  
  81  8:07  Barracks x2  
  81  8:15  Marine  
  81  8:18  Viking  
  81  8:19  Marine  
  85  8:21  Barracks Tech Lab  
  85  8:23  Marauder  
  85  8:25  Liberator  
  87  8:32  Supply Depot  
  87  8:33  Marine  
  86  8:36  Siege Tank  
  86  8:37  Marine  
  90  8:42  Marauder  
  90  8:44  SCV, Marauder  
  90  8:46  SCV  
  95  8:50  Marine  
  95  8:54  Marine  
  95  8:55  Marine x2  
  97  8:56  SCV  
  98  9:03  Marine  
  98  9:07  Supply Depot  
Show
View Real Time Build Order
Export as new Build Order

gumiho Terran - Winner!

Build Orders: Mech 

Get SALT Encoding   

  12  0:00  SCV  
  13  0:12  SCV  
  14  0:16  Supply Depot  
  14  0:24  SCV  
  15  0:38  SCV  
  15  0:39  Barracks  
  16  0:43  Refinery  
  16  0:50  SCV  
  16  0:52  Refinery  
  17  1:02  SCV  
  18  1:14  SCV  
  19  1:25  Reaper  
  19  1:26  Orbital Command  
  19  1:27  Supply Depot  
  20  1:39  Factory  
  20  1:52  SCV  
  21  1:57  Reaper  
  22  2:04  SCV  
  23  2:14  Command Center  
  23  2:16  SCV  
  24  2:24  Hellion  
  24  2:28  SCV  
  28  2:30  Reaper  
  28  2:34  Supply Depot  
  28  2:41  SCV  
  28  2:45  Hellion  
  28  2:50  Starport  
  30  2:53  SCV  
  31  3:04  Marine  
  32  3:06  Hellion  
  34  3:14  SCV  
  35  3:28  Orbital Command  
  35  3:31  Hellion  
  35  3:32  Marine  
  35  3:34  SCV  
  38  3:36  Starport Tech Lab  
  38  3:40  Hyperflight Rotors  
  34  3:56  SCV x2  
  34  3:59  Banshee  
  34  4:02  Factory Tech Lab, Barracks Reactor  
  39  4:05  Refinery  
  39  4:08  SCV x2  
  41  4:15  Refinery  
  41  4:20  SCV x2  
  41  4:22  Cyclone  
  45  4:30  Supply Depot  
  45  4:32  SCV x2  
  47  4:42  Marine x2, Banshee  
  47  4:44  SCV x2  
  54  4:54  Siege Tank  
  54  4:56  SCV x2  
  54  4:57  Command Center  
  59  5:05  Marine x2  
  56  5:20  SCV x2  
  57  5:26  Banshee  
  59  5:29  Marine x2  
  59  5:32  SCV  
  59  5:34  SCV  
  62  5:39  Supply Depot  
  62  5:41  Siege Tank, Factory  
  64  5:47  Cloaking Field  
  64  5:48  Factory  
  65  5:50  SCV  
  65  5:56  Supply Depot  
  66  6:02  SCV x2  
  67  6:09  Banshee  
  70  6:13  Siege Tank  
  70  6:14  SCV x2  
  75  6:20  Mag-Field Accelerator  
  75  6:26  SCV  
  76  6:34  SCV  
  76  6:38  SCV  
  78  6:45  Siege Tank  
  68  6:53  Banshee  
  71  6:57  Orbital Command, SCV x2  
  73  7:02  Factory Tech Lab  
  73  7:09  SCV x2  
  72  7:17  Siege Tank  
  72  7:21  SCV x2  
  72  7:22  Cyclone  
  79  7:23  SCV, Hellion x2  
  82  7:32  Refinery x2  
  82  7:33  SCV x2  
  82  7:35  SCV, Banshee  
  88  7:37  Armory  
  87  7:45  SCV x2  
  87  7:47  SCV  
  87  7:58  Siege Tank  
  87  8:00  SCV x2  
  87  8:05  Siege Tank  
  88  8:06  SCV, Hellion x2  
  88  8:11  Factory  
  88  8:12  SCV  
  94  8:19  SCV x2  
  93  8:31  SCV x3  
  96  8:34  Command Center  
  96  8:36  Siege Tank  
  99  8:42  Supply Depot  
  99  8:43  SCV  
  99  8:44  Supply Depot  
  103  8:55  Hellion, Factory Tech Lab  
  108  9:07  SCV x3  
Tags
 
Composition
Mech
Matchup
TvT
Race
Terran
Spawn Locations
Cross Positions
Add a new tag
Caveats
  • Supply blocks, unpowered buildings, or Contaminate may cause inaccurate times.
  • Supply counts are checked every 10 seconds.